NCAA
KANSAS JAYHAWKS @ SOUTHERN CALIFORNIA TROJANS
05/11/2026
 
TOP OF THE 1ST
Kansas Jayhawks batting - Pitching for Southern California Trojans : RHP Rick Rutledge
Pitching: RHP Rick Rutledge
Batting: LHB Kevin Grimes 0-0: Ball
1-0: Ball
2-0: Called Strike
2-1: Ball
3-1: Base on Balls
Batting: RHB Johnny Hawson 0-0: Ball
1-0: Ball
2-0: Foul Ball, location: 2F
2-1: Ball
3-1: Fly out, F4 (Popup, 34)
Batting: LHB Victor Stuart 0-0: Foul Ball, location: 2F
0-1: 2-RUN HOME RUN (Flyball, 89XD), Distance : 381 ft
Batting: RHB Robbie Jenkins 0-0: Ball
1-0: Ball
2-0: Called Strike
2-1: Ball
3-1: Base on Balls
Batting: RHB John Stevens 0-0: Grounds into double play, 1-6-3 (Groundball, 13S)
Top of the 1st over - 2 run(s), 1 hit(s), 0 error(s), 0 left on base; Kansas 2 - Southern California 0
BOTTOM OF THE 1ST
Southern California Trojans batting - Pitching for Kansas Jayhawks : LHP Tom Duke
Pitching: LHP Tom Duke
Batting: RHB Enrico Davis 0-0: Ball
1-0: Ball
2-0: Called Strike
2-1: Ball
3-1: Base on Balls
Batting: RHB Ron Davis 0-0: Ball
1-0: DOUBLE (Line Drive, 7LM)
Enrico Davis to third
Batting: RHB Marvin Johnson 0-0: Ball
1-0: Swinging Strike
1-1: Swinging Strike
1-2: Ball
Wild Pitch!
Enrico Davis scores
Ron Davis to third
2-2: Strikes out swinging
Batting: RHB Mike Carter 0-0: Ball
1-0: SINGLE (Groundball, 6MD)
Ron Davis scores
Batting: LHB Kel Smith 0-0: Ball
1-0: Foul Ball, location: 2F
1-1: Ball
2-1: Called Strike
2-2: Ground out 3-1 (Groundball, 34S)
Mike Carter to second
Batting: LHB Steve Herman 0-0: Ball
Wild Pitch!
Mike Carter to third
1-0: Called Strike
1-1: Ball
2-1: Fly out, F8 (Flyball, 8RM)
Bottom of the 1st over - 2 run(s), 2 hit(s), 0 error(s), 1 left on base; Kansas 2 - Southern California 2
TOP OF THE 2ND
Kansas Jayhawks batting - Pitching for Southern California Trojans : RHP Rick Rutledge
Batting: LHB Francisco Blanco 0-0: Ball
1-0: Ball
2-0: Ground out U3 (Groundball, 3L)
Batting: LHB Roy Woods 0-0: Called Strike
0-1: Called Strike
0-2: Ball
1-2: SINGLE (Line Drive, 89M)
Batting: RHB Cordell Grady 0-0: Called Strike
0-1: Foul Ball, location: 2F
0-2: Fly out, F8 (Flyball, 8LM)
Batting: RHB Manuel Cisneros 0-0: Ball
1-0: Called Strike
1-1: Hit by Pitch
Roy Woods to second
Batting: LHB Kevin Grimes 0-0: Swinging Strike
0-1: Ball
1-1: Ball
2-1: Foul Ball, location: 2F
2-2: Strikes out swinging
Top of the 2nd over - 0 run(s), 1 hit(s), 0 error(s), 2 left on base; Kansas 2 - Southern California 2
BOTTOM OF THE 2ND
Southern California Trojans batting - Pitching for Kansas Jayhawks : LHP Tom Duke
Batting: LHB Rick Rutledge 0-0: Ground out 5-3 (Groundball, 56)
Batting: LHB Carl Hodge 0-0: Ball
1-0: Called Strike
1-1: Ball
2-1: Called Strike
2-2: Fly out, F9 (Line Drive, 9M)
Batting: RHB José Hernández 0-0: Called Strike
0-1: SINGLE (Groundball, 34S) (infield hit)
Batting: RHB Enrico Davis 0-0: Ball
1-0: Ball
2-0: Fly out, F4 (Popup, 9S)
Bottom of the 2nd over - 0 run(s), 1 hit(s), 0 error(s), 1 left on base; Kansas 2 - Southern California 2
TOP OF THE 3RD
Kansas Jayhawks batting - Pitching for Southern California Trojans : RHP Rick Rutledge
Batting: RHB Johnny Hawson 0-0: Called Strike
0-1: SINGLE (Groundball, 5D)
Batting: LHB Victor Stuart 0-0: Fly out, F6 (Popup, 56D)
Batting: RHB Robbie Jenkins 0-0: Ball
Johnny Hawson is caught stealing 2nd base
1-0: Foul Ball, location: 2F
1-1: Foul Ball, location: 2F
1-2: Foul Ball, location: 2F
1-2: DOUBLE (Flyball, 8LXD)
Batting: RHB John Stevens 0-0: Ball
1-0: Foul Ball, location: 2F
1-1: Called Strike
1-2: Strikes out swinging
Top of the 3rd over - 0 run(s), 2 hit(s), 0 error(s), 1 left on base; Kansas 2 - Southern California 2
BOTTOM OF THE 3RD
Southern California Trojans batting - Pitching for Kansas Jayhawks : LHP Tom Duke
Batting: RHB Ron Davis 0-0: Called Strike
0-1: Fly out, F3 (Popup, 3DF)
Batting: RHB Marvin Johnson 0-0: Called Strike
0-1: Ball
1-1: Ground out 5-3 (Groundball, 56)
Batting: RHB Mike Carter 0-0: Ball
1-0: Called Strike
1-1: SINGLE (Line Drive, 4MD)
Batting: LHB Kel Smith 0-0: Ball
1-0: Foul Ball, location: 2F
1-1: SINGLE (Flyball, 5D)
Mike Carter to second
Batting: LHB Steve Herman 0-0: Foul Ball, location: 2F
0-1: Ground out 3-1 (Groundball, 34)
Bottom of the 3rd over - 0 run(s), 2 hit(s), 0 error(s), 2 left on base; Kansas 2 - Southern California 2
TOP OF THE 4TH
Kansas Jayhawks batting - Pitching for Southern California Trojans : RHP Rick Rutledge
Batting: LHB Francisco Blanco 0-0: Foul Ball, location: 2F
0-1: Called Strike
0-2: Ball
1-2: Ball
2-2: Foul Ball, location: 2F
2-2: DOUBLE (Flyball, 89M)
Batting: LHB Roy Woods 0-0: Ball
Francisco Blanco is caught stealing 3rd base
1-0: Ball
2-0: Foul Ball, location: 2F
2-1: Fly out, F9 (Flyball, 89M)
Batting: RHB Cordell Grady 0-0: Called Strike
0-1: Ball
1-1: Ball
2-1: Foul Ball, location: 2F
2-2: Ball
3-2: Foul Ball, location: 2F
3-2: Base on Balls
Batting: RHB Manuel Cisneros 0-0: Foul Ball, location: 2F
0-1: Called Strike
0-2: Strikes out looking
Top of the 4th over - 0 run(s), 1 hit(s), 0 error(s), 1 left on base; Kansas 2 - Southern California 2
BOTTOM OF THE 4TH
Southern California Trojans batting - Pitching for Kansas Jayhawks : LHP Tom Duke
Batting: LHB Rick Rutledge 0-0: Ball
1-0: Called Strike
1-1: SINGLE (Line Drive, 9LS)
Batting: LHB Carl Hodge 0-0: Called Strike
0-1: Ball
1-1: Fielders Choice at 2nd, 4-6 (Groundball, 4)
Batting: RHB José Hernández 0-0: Called Strike
0-1: Ball
1-1: Called Strike
1-2: SINGLE (Groundball, 34)
Carl Hodge to second
Runner from 2nd tries for 3rd, SAFE, no throw or cutoff
Batting: RHB Enrico Davis 0-0: Called Strike
0-1: SINGLE (Line Drive, 56)
Carl Hodge scores
José Hernández to second
Batting: RHB Ron Davis 0-0: Ball
1-0: Called Strike
1-1: Fly out, F8 (Flyball, 8RXD)
Runner from 2nd tags up, SAFE at 3rd, no throw
Batting: RHB Marvin Johnson 0-0: Hit by Pitch
Enrico Davis to second
Pinch Runner at 1st Jason Morrison:
Batting: RHB Mike Carter 0-0: Foul Ball, location: 2F
0-1: Ground out 6-3 (Groundball, 6)
Bottom of the 4th over - 1 run(s), 3 hit(s), 0 error(s), 3 left on base; Kansas 2 - Southern California 3
TOP OF THE 5TH
Kansas Jayhawks batting - Pitching for Southern California Trojans : RHP Rick Rutledge
Now at C: Jason Morrison
Batting: LHB Kevin Grimes 0-0: Ball
1-0: Called Strike
1-1: Ground out 6-3 (Groundball, 6)
Batting: RHB Johnny Hawson 0-0: Ball
1-0: Ball
2-0: Ball
3-0: Called Strike
3-1: Base on Balls
Batting: LHB Victor Stuart 0-0: Ball
1-0: Called Strike
1-1: Foul Ball, location: 2F
1-2: Strikes out swinging
Pitching: RHP Charlie Ross
Batting: RHB Robbie Jenkins 0-0: Swinging Strike
0-1: Ball
Johnny Hawson steals 2nd base
1-1: Fly out, F8 (Flyball, 8LM)
Top of the 5th over - 0 run(s), 0 hit(s), 0 error(s), 1 left on base; Kansas 2 - Southern California 3
BOTTOM OF THE 5TH
Southern California Trojans batting - Pitching for Kansas Jayhawks : LHP Tom Duke
Batting: LHB Kel Smith 0-0: Ball
1-0: Swinging Strike
1-1: Swinging Strike
1-2: Ball
2-2: Ball
3-2: Ground out 4-3 (Groundball, 4)
Batting: LHB Steve Herman 0-0: Ball
1-0: Called Strike
1-1: Swinging Strike
1-2: Strikes out swinging
Batting: LHB Rick Rutledge 0-0: Called Strike
0-1: Ball
1-1: Ground out 4-3 (Groundball, 4)
Bottom of the 5th over - 0 run(s), 0 hit(s), 0 error(s), 0 left on base; Kansas 2 - Southern California 3
TOP OF THE 6TH
Kansas Jayhawks batting - Pitching for Southern California Trojans : RHP Charlie Ross
Batting: RHB John Stevens 0-0: Ball
1-0: Foul Ball, location: 2F
1-1: Ball
2-1: Ball
3-1: Base on Balls
Batting: LHB Francisco Blanco 0-0: Called Strike
0-1: Called Strike
0-2: Foul Ball, location: 2F
0-2: Ball
1-2: Strikes out looking
Batting: LHB Roy Woods 0-0: Called Strike
0-1: Ball
1-1: Swinging Strike
1-2: Strikes out swinging
Batting: RHB Cordell Grady 0-0: Ball
1-0: Ball
2-0: Called Strike
2-1: Ball
3-1: Foul Ball, location: 2F
3-2: Strikes out swinging
Top of the 6th over - 0 run(s), 0 hit(s), 0 error(s), 1 left on base; Kansas 2 - Southern California 3
BOTTOM OF THE 6TH
Southern California Trojans batting - Pitching for Kansas Jayhawks : LHP Tom Duke
Batting: LHB Carl Hodge 0-0: Ball
1-0: Ball
2-0: Ball
3-0: Base on Balls
Pitching: LHP John Claveau
Batting: RHB José Hernández 0-0: Called Strike
0-1: Ball
1-1: Ball
2-1: Swinging Strike
2-2: Ball
3-2: Foul Ball, location: 2F
3-2: Fly out, F9 (Flyball, 9LS)
Batting: RHB Enrico Davis 0-0: Called Strike
0-1: Called Strike
0-2: Ball
1-2: Strikes out swinging
Batting: RHB Ron Davis 0-0: Swinging Strike
0-1: Foul Ball, location: 2F
0-2: Ball
1-2: Foul Ball, location: 2F
1-2: Ball
2-2: Foul Ball, location: 2F
2-2: Ball
3-2: Strikes out swinging
Bottom of the 6th over - 0 run(s), 0 hit(s), 0 error(s), 1 left on base; Kansas 2 - Southern California 3
TOP OF THE 7TH
Kansas Jayhawks batting - Pitching for Southern California Trojans : RHP Charlie Ross
Batting: RHB Manuel Cisneros 0-0: Ball
1-0: Called Strike
1-1: Called Strike
1-2: Ball
2-2: Strikes out looking
Batting: LHB Kevin Grimes 0-0: Ball
1-0: Foul Ball, location: 2F
1-1: Called Strike
1-2: Strikes out looking
Pitching: LHP Gary Dunlap
Batting: RHB Johnny Hawson 0-0: Ball
1-0: Ball
2-0: SINGLE (Flyball, 78S)
Batting: LHB Victor Stuart 0-0: Ball
1-0: Ball
2-0: Ball
3-0: Base on Balls
Johnny Hawson to second
Batting: RHB Robbie Jenkins 0-0: Called Strike
0-1: Swinging Strike
0-2: Foul Ball, location: 2F
0-2: 3-RUN HOME RUN (Flyball, 78XD), Distance : 388 ft
Pitching: LHP Javier Rodríguez
Batting: RHB John Stevens 0-0: Ball
1-0: Ground out 1-3 (Groundball, 15)
Top of the 7th over - 3 run(s), 2 hit(s), 0 error(s), 0 left on base; Kansas 5 - Southern California 3
BOTTOM OF THE 7TH
Southern California Trojans batting - Pitching for Kansas Jayhawks : LHP John Claveau
Batting: SHB Jason Morrison 0-0: Called Strike
0-1: Ball
1-1: Ball
2-1: Ball
3-1: Foul Ball, location: 2F
3-2: Strikes out swinging
Batting: RHB Mike Carter 0-0: Ball
1-0: Ball
2-0: Ball
3-0: Called Strike
3-1: SINGLE (Line Drive, 34D)
Batting: LHB Kel Smith 0-0: Called Strike
0-1: Fly out, F9 (Flyball, 89S)
Batting: LHB Steve Herman 0-0: Ball
1-0: Ground out 4-3 (Groundball, 4)
Bottom of the 7th over - 0 run(s), 1 hit(s), 0 error(s), 1 left on base; Kansas 5 - Southern California 3
TOP OF THE 8TH
Kansas Jayhawks batting - Pitching for Southern California Trojans : LHP Javier Rodríguez
Batting: LHB Francisco Blanco 0-0: Foul Ball, location: 2F
0-1: Ball
1-1: Foul Ball, location: 2F
1-2: Foul Ball, location: 2F
1-2: Ball
2-2: SINGLE (Line Drive, 9S)
Batting: LHB Roy Woods 0-0: Called Strike
Francisco Blanco steals 2nd base
0-1: Ball
1-1: Ball
2-1: Ball
3-1: Fly out, F9 (Flyball, 89M)
Batting: RHB Cordell Grady 0-0: Foul Ball, location: 2F
0-1: Ball
1-1: Ball
Francisco Blanco steals 3rd base
2-1: Called Strike
2-2: Ball
3-2: Strikes out looking
Batting: RHB Manuel Cisneros 0-0: Called Strike
0-1: Foul Ball, location: 2F
0-2: Foul Ball, location: 2F
0-2: Strikes out swinging
Top of the 8th over - 0 run(s), 1 hit(s), 0 error(s), 1 left on base; Kansas 5 - Southern California 3
BOTTOM OF THE 8TH
Southern California Trojans batting - Pitching for Kansas Jayhawks : LHP John Claveau
Batting: LHB Rick Rutledge 0-0: SINGLE (Line Drive, 9LS)
Batting: LHB Carl Hodge 0-0: Swinging Strike
0-1: Ball
1-1: Swinging Strike
1-2: Ball
2-2: Strikes out swinging
Pitching: RHP Joe Rose
Batting: RHB José Hernández 0-0: Ball
1-0: Ball
2-0: Swinging Strike
2-1: Swinging Strike
2-2: Strikes out looking
Batting: RHB Enrico Davis 0-0: Called Strike
0-1: Ball
1-1: Called Strike
1-2: Ball
2-2: Ball
3-2: Base on Balls
Rick Rutledge to second
Batting: RHB Ron Davis 0-0: Ball
1-0: Ball
2-0: Foul Ball, location: 2F
2-1: Ball
3-1: Base on Balls
Rick Rutledge to third
Enrico Davis to second
Batting: SHB Jason Morrison 0-0: Fly out, F7 (Line Drive, 7M)
Bottom of the 8th over - 0 run(s), 1 hit(s), 0 error(s), 3 left on base; Kansas 5 - Southern California 3
TOP OF THE 9TH
Kansas Jayhawks batting - Pitching for Southern California Trojans : LHP Javier Rodríguez
Batting: LHB Kevin Grimes 0-0: Foul Ball, location: 2F
0-1: Ball
1-1: Foul Ball, location: 2F
1-2: Ball
2-2: Strikes out swinging
Batting: RHB Johnny Hawson 0-0: Ground out 5-3 (Groundball, 5)
Batting: LHB Victor Stuart 0-0: Ball
1-0: Ball
2-0: Fly out, F2 (Popup, 5SF)
Top of the 9th over - 0 run(s), 0 hit(s), 0 error(s), 0 left on base; Kansas 5 - Southern California 3
BOTTOM OF THE 9TH
Southern California Trojans batting - Pitching for Kansas Jayhawks : RHP Joe Rose
Pitching: LHP Jake Long
Batting: RHB Mike Carter 0-0: Ball
1-0: Ball
2-0: Ball
3-0: Base on Balls
Batting: LHB Kel Smith 0-0: Called Strike
0-1: Swinging Strike
0-2: Strikes out swinging
Batting: LHB Steve Herman 0-0: Foul Ball, location: 2F
0-1: Called Strike
0-2: Ball
1-2: Strikes out looking
Batting: LHB Rick Rutledge 0-0: Fielders Choice at 2nd, U6 (Groundball, 6M)
Bottom of the 9th over - 0 run(s), 0 hit(s), 0 error(s), 1 left on base; Kansas 5 - Southern California 3
Monday, December 5th, 2016 - OOTP Baseball 17.12 Build 75